 Dungeon Crawl Stone Soup version 0.22.1-1-ga44c0e5 (webtiles) character file.

632 whitewolfNL the Slasher (level 7, -6/59 HPs)
             Began as a Hill Orc Fighter on Sept 25, 2018.
             Was a Follower of Trog.
             Engulfed by a cloud of flame (11 damage)
             ... on level 6 of the Dungeon.
             The game lasted 00:33:05 (7643 turns).

whitewolfNL the Slasher (Hill Orc Fighter)          Turns: 7643, Time: 00:33:12

Health: -6/59      AC: 12    Str: 19 (20) XL:     7   Next: 49%
Magic:  0/16       EV:  3    Int:  7 (8)  God:    Trog [*.....]
Gold:   331        SH:  9    Dex: 10 (11) Spells: 6/6 levels left

rFire    . . .     SeeInvis .   b - +0 long sword
rCold    . . .     Gourm    .   c - +0 shield
rNeg     . . .     Faith    .   m - +0 plate armour
rPois    .         Spirit   +   p - +0 helmet
rElec    .         Reflect  .   (no cloak)
rCorr    .         Harm     .   (no gloves)
MR       .....                  (no boots)
Stlth    ..........             u - amulet of guardian spirit
HPRegen  0.19/turn              q - ring of magical power
MPRegen  0.15/turn              (no ring)

@: lethally poisoned (-6 -> -11), heavily drained
A: no striking features
a: Berserk, Renounce Religion


You were on level 6 of the Dungeon.
You worshipped Trog.
Trog was aware of your devotion.
You were not hungry.

You visited 1 branch of the dungeon, and saw 5 of its levels.

You collected 331 gold pieces.

Inventory:

Hand Weapons
 b - a +0 long sword (weapon)
Missiles
 a - 16 tomahawks
 h - 14 sling bullets
 r - 147 stones (quivered)
 x - 25 arrows
Armour
 c - a +0 shield (worn)
 m - a +0 plate armour (worn)
 p - a +0 helmet (worn)
Magical Staves
 k - an uncursed staff of earth {unknown}
Jewellery
 q - a ring of magical power (left hand)
 u - an amulet of guardian spirit (around neck)
Scrolls
 o - 2 scrolls of teleportation {unknown}
 t - a scroll of fog {unknown}
 v - a scroll of enchant weapon {unknown}
Potions
 s - a potion of berserk rage {unknown}
 w - a potion of magic {unknown}
 z - a potion of lignification {unknown}
Comestibles
 f - 2 rations


   Skills:
 - Level 4.1(2.9) Fighting
 * Level 6.1(4.9) Long Blades
 + Level 4.9(3.7) Armour
 + Level 0.3(0.0) Dodging
 * Level 5.8(4.6) Shields


You had 6 spell levels left.
You didn't know any spells.
Your spell library contained the following spells:

 Spells                   Type           Power        Failure   Level  Hunger
 Beastly Appendage        Tmut           #.....       100%        1    ##.....
 Corona                   Hex            #......      100%        1    ##.....
 Ensorcelled Hibernation  Hex/Ice        #.....       100%        2    ###....
 Sticks to Snakes         Tmut           #.......     100%        2    ###....
 Confuse                  Hex            #.......     100%        3    ####...
 Dazzling Spray           Conj/Hex       #.....       100%        3    ####...
 Spider Form              Tmut/Pois      #.........   100%        3    ####...
 Tukima's Dance           Hex            #.......     100%        3    ####...
 Ice Form                 Ice/Tmut       #.......     100%        4    #####..
 Blade Hands              Tmut           #.........   100%        5    ######.


Dungeon Overview and Level Annotations

Branches:
Dungeon (4/15)
 Temple: D:4-7

Altars:
Elyvilon
Hepliaklqana
Qazlal
Trog
Wu Jian

Annotations:
D:6 2 runed doors, bloodycherry's ghost, novice DDFi


Message History

There was something very wrong with that liquid.
You feel weakened.
You feel dopey.
You feel clumsy.
You feel sick. You block the iguana's attack. You block the bullfrog's attack.
The scorpion stings you but does no damage.
It was a potion of heal wounds.
You feel much better.
You feel sick. You block the bullfrog's attack.
The iguana bites you but does no damage.
The scorpion stings you but does no damage.
You block the bullfrog's attack.
Your magical effects are unravelling.
You feel magically purged.
You float gracefully downwards.
You feel sick. You block the iguana's attack. The bullfrog hits you.
The scorpion stings you but does no damage.
You slash the scorpion!
The scorpion explodes!
The fiery explosion engulfs you!
* * * LOW HITPOINT WARNING * * *
Trog accepts your kill.
You are engulfed in blazing flames.
You die...

....#........ #..
.##...#
###...#####.# #.# #
#...#
....#.......####.##
......
####.#####.........
.... . #........#
#.# ... .(
########.# #.#
#.####.###.###
#....lF.......
######@###.### #§#
.§# #.## #. #. #%
#.


You could see a bullfrog (inner flame) and an iguana (inner flame).

Vanquished Creatures
  A centaur (D:6)
  A bullfrog (D:6)
  A scorpion (D:6)
  An orc priest (D:4)
  2 jellies (D:6)
  3 orc wizards (D:4)
  3 worker ants
  Robin (D:2)
  7 adders
  2 oozes
  An adder skeleton (D:6)
  4 worms
  A dart slug (D:3)
  5 leopard geckos
  13 orcs (D:4)
  2 giant cockroaches (D:2)
  15 goblins
  3 hobgoblins
  4 jackals
  3 quokkas
  2 ball pythons (D:3)
  13 bats
  2 frilled lizards
  5 kobolds
  A leopard gecko skeleton (D:4)
  A quokka skeleton (D:4)
  6 rats
103 creatures vanquished.

Notes
Turn   | Place    | Note
-------+----------+-------------------------------------------
     0 | D:1      | whitewolfNL the Hill Orc Fighter began the quest for the
                  | Orb.
     0 | D:1      | Reached XP level 1. HP: 19/19 MP: 1/1
   268 | D:1      | Reached XP level 2. HP: 23/27 MP: 2/2
   940 | D:1      | Reached XP level 3. HP: 33/33 MP: 3/3
  1415 | D:2      | Noticed Robin
  1421 | D:2      | Reached skill level 3 in Long Blades
  1434 | D:2      | Killed Robin
  1572 | D:2      | Reached XP level 4. HP: 11/40 MP: 4/4
  2335 | D:2      | Found a bloodstained altar of Trog.
  2410 | D:2      | Became a worshipper of Trog the Wrathful
  2668 | D:2      | Found a white marble altar of Elyvilon.
  2668 | D:2      | Found a bloodstained altar of Trog.
  2672 | D:2      | Found a transporter.
  2913 | D:2      | Found a transporter.
  3625 | D:3      | Reached XP level 5. HP: 45/46 MP: 5/5
  4181 | D:3      | Found a hazy altar of Hepliaklqana.
  4249 | D:3      | Found an ornate altar of the Wu Jian Council.
  4329 | D:4      | Reached skill level 4 in Long Blades
  4608 | D:4      | Found a stormy altar of Qazlal.
  4935 | D:4      | Reached XP level 6. HP: 25/52 MP: 6/6
  5905 | D:4      | Reached * piety under Trog
  5964 | D:4      | Reached skill level 5 in Long Blades
  6263 | D:4      | Reached skill level 5 in Shields
  6700 | D:4      | You fall through a shaft for 2 floors!
  6716 | D:6      | Found a runed door.
  6720 | D:6      | Noticed bloodycherry's ghost (novice DDFi)
  7132 | D:6      | Found a runed door.
  7199 | D:6      | Reached XP level 7. HP: 42/59 MP: 7/7
  7510 | D:6      | Reached skill level 6 in Long Blades
  7643 | D:6      | Engulfed by a cloud of flame

Skill      XL: |  1  2  3  4  5  6  7 |
---------------+----------------------+-----
Fighting       | 4 |  4.1
Long Blades    | 3 4 5 6 |  6.1
Armour         | 4 |  4.9
Shields        | 4 5 |  5.8
Dodging        | |  0.3

Action                   |  1- 3 |  4- 6 |  7- 9 || total
-------------------------+-------+-------+-------++-------
Melee: Long sword        |   128 |   451 |    34 ||   613
  Use: Potion            |     1 |     4 |     5 ||    10
       Scroll            |       |     7 |     2 ||     9
  Eat: Chunk             |     2 |     6 |       ||     8
       Ration            |       |     4 |     1 ||     5
Armor: Scale mail        |    20 |       |       ||    20
       Plate armour      |    69 |   467 |    33 ||   569
Dodge: Dodged            |    24 |    81 |     7 ||   112
Block: Shield            |    90 |   297 |    36 ||   423
       Rpst.: Long sword |     7 |    25 |     4 ||    36
